 Dungeon Crawl Stone Soup version 0.13-a0-2236-g7be3fc8 (webtiles) character file.

6325 Fv001 the Hoplite (level 10, -14/83 HPs)
             Began as a Lava Orc Fighter on July 4, 2013.
             Was a High Priest of Okawaru.
             Demolished by an orc warrior
             ... wielding a +0,+0 orcish flail
              (15 damage)
             ... on Level 10 of the Dungeon.
             The game lasted 00:48:03 (10898 turns).

Fv001 the Hoplite (Lava Orc Fighter)               Turns: 10898, Time: 00:48:03

HP -14/83        AC 21     Str 21      XL: 10   Next: 47%
MP  21/23        EV  7     Int 10      God: Okawaru [*****.]
Gold 656         SH 28     Dex 10      Spells:  0 memorised, 13 levels left

Res.Fire  : + + +   See Invis. : .   m - +2 flail (pain)
Res.Cold  : x . .   Warding    : .   u - +0 dwarf chain mail
Life Prot.: . . .   Conserve   : .   c - +1 orc shield
Res.Poison: .       Res.Corr.  : .   (no helmet)
Res.Elec. : .       Clarity    : .   z - +0 cloak
Sust.Abil.: . .     Spirit.Shd : .   r - +0 pair of gloves
Res.Mut.  : .       Stasis     : .   F - +1 pair of boots
Res.Rott. : .       Flight     : .   (no amulet)
Saprovore : + . .                    C - ring of magical power
                                     q - cursed +3 ring of protection

@: heroism, quick, somewhat resistant to hostile enchantments, unstealthy
A: talons 1, carnivore 1, conserve scrolls, saprovore 1, spit poison 1
a: Spit Poison, Heroism, Finesse, Renounce Religion, Convert to Beogh


You were on level 10 of the Dungeon.
You worshipped Okawaru.
Okawaru was extremely pleased with you.
You were not hungry.

You visited 1 branch of the dungeon, and saw 10 of its levels.

You collected 636 gold pieces.

Inventory:

Hand weapons
 m - a +2,+2 flail of pain (weapon)
 p - a +0,+0 flail of crushing
Missiles
 e - a dart of flame
 i - 3 darts of frost
 k - 114 darts (quivered)
 o - 121 stones
 w - 2 exploding darts
Armour
 c - a +1 orcish shield (worn)
 r - a +0 pair of gloves (worn)
 u - a +0 dwarven chain mail (worn)
 z - a +0 cloak (worn)
 F - a +1 pair of boots (worn)
Magical devices
 b - a wand of random effects (8)
 x - a wand of digging (0)
 G - a wand of random effects (11)
 M - a wand of lightning (5)
Comestibles
 d - 2 meat rations
 j - 2 bread rations
Scrolls
 a - 5 scrolls of remove curse
 l - 2 scrolls of teleportation
 n - 3 scrolls of magic mapping
 t - 3 scrolls of blinking
 y - 5 scrolls of fog
 A - a scroll of identify
 B - 2 scrolls of fear
Jewellery
 q - a cursed +3 ring of protection (left hand)
 C - a ring of magical power (right hand)
Potions
 f - a potion of might
 g - 2 potions of speed
 h - a potion of magic {unknown}
 s - a potion of resistance
 v - a potion of restore abilities {unknown}
 D - 2 potions of mutation
 J - a potion of porridge {unknown}
 K - a potion of blood
 L - a potion of invisibility


   Skills:
 + Level 7.0(12.0) Fighting
 + Level 7.3(12.3) Maces & Flails
 + Level 1.0(6.0) Throwing
 + Level 7.2(12.2) Armour
 + Level 5.1(10.1) Dodging
 * Level 5.4(10.4) Stealth
 + Level 8.3(13.3) Shields
 + Level 2.2(7.2) Traps
 + Level 2.2 Spellcasting
 + Level 1.6 Invocations
 + Level 0.2 Evocations


You had 13 spell levels left.
You didn't know any spells.

Dungeon Overview and Level Annotations

Branches:
Dungeon (10/27)            Temple (0/1) D:7             Orc (0/4) D:7
   Lair: D:8-13

Altars:
Ashenzari
Elyvilon
Kikubaaqudgha
Makhleb
Okawaru


Innate Abilities, Weirdness & Mutations

You have stony skin.
You cover ground quickly.
Your flesh is almost immune to the effects of heat.
Your fire spells are more powerful.
Your flesh is vulnerable to cold.
Your heat harms attackers.
You bathe your surroundings in blazing heat.
You are too hot to use scrolls.
You are very good at protecting items from fire.
You can tolerate rotten meat.
You have sharp toenails.
Your digestive system is specialised to digest meat.
You can spit poison.


Message History

Use which ability? (? or * to list)
You gain the combat prowess of a mighty hero.
You feel slightly more hungry.
The orc warrior is burned by your radiant heat.
The orc warrior is heavily wounded.
You block the orc warrior's attack.
You hit the orc warrior but do no damage.
The orc warrior is heavily wounded.
You block the orc warrior's attack.
You sock the orc warrior!
The orc warrior is severely wounded.
The orc priest mumbles some strange prayers to Beogh against you.
Something smites you!
* * * LOW HITPOINT WARNING * * *
You completely miss the orc warrior.
The orc warrior is severely wounded.
The orc warrior is burned by your radiant heat.
The orc warrior is almost dead.
The orc warrior hits you with an orcish flail!
You die... #.#.###....≈≈.. #...# #....≈≈♣. #.### #.....≈≈. /..# #.# #......≈. .......#######.# #........ ....#.........# #..>.....
HWo######...## #........ ll## #.### #........ oo#

#@#
#........
#%# #o#
#######)#
#.#####l####
#)#
#.ooo.FoW..#
#.#
#......l...#
#..
#..........#
######'
#..........#
#......
#..........#
#......
#..........#
#......


You could see a komodo dragon, a wraith, an orc warrior, a giant frog, an iguana
and an orc priest.

Vanquished Creatures
  Pikel (D:5)
  Joseph (D:9)
  A hill giant skeleton (D:9)
  Edmund (D:5)
  The ghost of Bruce the Charmwright, an average DESk (D:4)
  3 yaks (D:10)
  Menkaure (D:5)
  An ice beast (D:8)
  A necrophage (D:9)
  A slave (D:5)
  A phantom (D:4)
  2 orc warriors
  2 sky beasts
  A black bear (D:6)
  The ghost of Fv001 the Skirmisher, an average DrFi (D:3)
  5 tengu (D:10)
  A yak skeleton (D:10)
  5 ogres
  4 centaurs
  A troll skeleton (D:8)
  3 giant frogs
  A water moccasin (D:7)
  A giant frog skeleton (D:9)
  A gnoll sergeant (D:5)
  3 killer bees (D:10)
  3 crimson imps
  2 hounds
  A hound zombie (D:6)
  5 orc priests
  3 iguanas
  10 orc wizards
  5 jellies
  3 scorpions
  7 worker ants
  A worker ant zombie (D:7)
  A goliath beetle zombie (D:8)
  13 adders
  4 gnolls (D:5)
  A giant centipede (D:7)
  2 giant mites
  5 worms
  2 giant eyeballs
  2 giant geckos
  An ooze (D:3)
  39 orcs
  2 ball pythons (D:1)
  15 bats
  16 hobgoblins
  3 jackals (D:7)
  17 kobolds
  4 quokkas
  10 giant cockroaches
  4 giant newts
  A giant spore (D:7)
  12 goblins
  A goblin skeleton (D:5)
  14 rats
  A ballistomycete (D:7)
  A plant (D:3)
255 creatures vanquished.

Vanquished Creatures (others)
  A slave (D:5)
  A centaur (D:5)
  An orc wizard (D:5)
  An orc (D:5)
  A goblin (D:6)
  A kobold (D:8)
6 creatures vanquished.

Grand Total: 261 creatures vanquished

Notes
Turn   | Place    | Note
--------------------------------------------------------------
     0 | D:1      | Fv001, the Lava Orc Fighter, began the quest for the Orb.
     0 | D:1      | Reached XP level 1. HP: 19/19 MP: 0/0
   171 | D:1      | Reached XP level 2. HP: 23/26 MP: 1/1
   751 | D:2      | Reached XP level 3. HP: 30/33 MP: 2/2
   819 | D:2      | Reached skill level 4 in Fighting
  1081 | D:2      | Reached skill level 1 in Traps
  1118 | D:2      | Reached XP level 4. HP: 40/40 MP: 3/3
  1238 | D:2      | Found an ancient bone altar of Kikubaaqudgha.
  1580 | D:3      | Reached skill level 1 in Stealth
  2247 | D:3      | Found an iron altar of Okawaru.
  2307 | D:3      | Became a worshipper of Warmaster Okawaru
  2343 | D:3      | Noticed Fv001's ghost (average DrFi)
  2361 | D:3      | Killed Fv001's ghost
  2361 | D:3      | Reached skill level 1 in Dodging
  2361 | D:3      | Reached skill level 1 in Spellcasting
  2361 | D:3      | Reached XP level 5. HP: 42/46 MP: 3/5
  3041 | D:3      | Reached XP level 6. HP: 46/53 MP: 7/7
  3150 | D:4      | HP: 1/53 [ogre/giant club (15)]
  3154 | D:4      | Acquired Okawaru's first power
  3773 | D:4      | Reached XP level 7. HP: 60/60 MP: 9/9
  4063 | D:4      | Noticed Bruce's ghost (average DESk)
  4078 | D:4      | Killed Bruce's ghost
  4078 | D:4      | Reached skill level 5 in Shields
  4177 | D:5      | Entered Level 5 of the Dungeon
  4190 | D:5      | Noticed Menkaure
  4197 | D:5      | Killed Menkaure
  4197 | D:5      | Reached skill level 5 in Fighting
  4421 | D:5      | Reached XP level 8. HP: 66/68 MP: 11/11
  4751 | D:5      | Found a burning altar of Makhleb.
  5254 | D:5      | Found a white marble altar of Elyvilon.
  5255 | D:5      | Noticed Pikel
  5258 | D:5      | Noticed Edmund
  5275 | D:5      | Killed Pikel
  5275 | D:5      | Reached skill level 5 in Armour
  5275 | D:5      | Reached skill level 1 in Invocations
  5301 | D:5      | Killed Edmund
  5301 | D:5      | Reached XP level 9. HP: 55/74 MP: 13/13
  5319 | D:5      | Paralysed by a giant eyeball for 3 turns
  5845 | D:6      | Found a white marble altar of Elyvilon.
  5920 | D:6      | Reached skill level 6 in Shields
  6322 | D:6      | HP: 3/74 [orc/orcish hammer (4)]
  6330 | D:6      | HP: 3/74 [orc/ stone]
  7033 | D:7      | Found a staircase to the Ecumenical Temple.
  7142 | D:7      | Reached skill level 5 in Maces & Flails
  7199 | D:7      | Found a staircase to the Orcish Mines.
  9234 | D:8      | Reached skill level 7 in Shields
 10096 | D:9      | Noticed Joseph
 10119 | D:9      | Killed Joseph
 10119 | D:9      | Reached XP level 10. HP: 38/83 MP: 14/14
 10447 | D:9      | Found a shattered altar of Ashenzari.
 10503 | D:9      | Paralysed by a giant eyeball for 3 turns
 10683 | D:10     | Entered Level 10 of the Dungeon
 10743 | D:10     | Reached skill level 1 in Throwing
 10754 | D:10     | Reached skill level 5 in Stealth
 10783 | D:10     | Reached skill level 5 in Dodging
 10845 | D:10     | Acquired Okawaru's second power
 10845 | D:10     | Reached skill level 8 in Shields
 10894 | D:10     | Gained mutation: Your digestive system is specialised to digest meat. [potion of mutation]
 10894 | D:10     | Gained mutation: You can spit poison. [potion of mutation]
 10894 | D:10     | Gained mutation: You have sharp toenails. [potion of mutation]
 10897 | D:10     | HP: 1/83 [orc priest/divine providence (12)]
 10898 | D:10     | Demolished by an orc warrior

Action                   |  1- 3 |  4- 6 |  7- 9 | 10-12 || total
-------------------------+-------+-------+-------+-------++-------
Melee: Mace              |   126 |   257 |       |       ||   383
       Flail             |       |     3 |   558 |   132 ||   693
Throw: Dart              |       |     9 |    20 |       ||    29
       Stone             |       |     1 |       |     8 ||     9
Invok: Heroism           |       |       |     5 |     2 ||     7
Evoke: Wand              |       |       |     1 |     2 ||     3
  Use: Scroll            |     4 |     9 |     7 |     6 ||    26
       Potion            |       |     2 |     7 |     3 ||    12
 Stab: Invisible         |       |       |     2 |       ||     2
